 Dungeon Crawl Stone Soup version 0.30.1-3-gfc49f6343a (webtiles) character file.

Game seed: 8010077726331391121

2368 spardeous the Destroyer (level 9, -7/62 HPs)
             Began as a Demigod Conjurer on Aug 4, 2023.
             Mangled by Maggie
             ... wielding a +0 vampiric halberd
              (22 damage)
             ... on level 6 of the Dungeon.
             The game lasted 00:09:19 (7553 turns).

spardeous the Destroyer (Demigod Conjurer)          Turns: 7553, Time: 00:09:20

Health: -7/62      AC:  6    Str:  8    XL:     9   Next: 1%
Magic:  23/33      EV: 11    Int: 34    God:
Gold:   50         SH:  8    Dex: 16    Spells: 16/23 levels left

rFire   x . .        H - +8 long sword of the Wilderness {pain, MP+9}
rCold   . . .        p - +0 buckler
rNeg    . . .        s - +1 robe of Fedhas's Pride {+Inv rF- Int+6 Archmagi}
rPois   .            x - +0 helmet
rElec   .            D - +0 cloak
rCorr   .            (no gloves)
SInv    .            G - +0 pair of boots
Will    .....        F - amulet of reflection
Stlth   ++           A - ring of flight
HPRegen 0.30/turn    (no ring)
MPRegen 0.23/turn

%: reflection, archmagi
@: flying, mesmerised
A: high MP 1, forlorn, divine attributes
a: Evoke Invisibility


You were on level 6 of the Dungeon.
You visited 1 branch of the dungeon, and saw 6 of its levels.
You also visited: Ossuary.

You collected 333 gold pieces.
You spent 283 gold pieces at shops.

Inventory:

Hand Weapons
 H - the +8 long sword of the Wilderness (weapon) {pain, MP+9}
   (You bought it in a shop on level 5 of the Dungeon)

   MP:        It affects your magic capacity (+9).
Armour
 a - a +0 robe
 p - a +0 buckler (worn)
 s - the +1 robe of Fedhas's Pride (worn) {+Inv rF- Int+6 Archmagi}
   (You found it on level 3 of the Dungeon)

   Int:       It affects your intelligence (+6).
   rF:        It makes you vulnerable to fire.
   +Inv:      It lets you turn invisible.
   Archmagi:  It increases the power of your magical spells.
 x - a +0 helmet (worn)
 D - a +0 cloak (worn)
 G - a +0 pair of boots (worn)
Jewellery
 v - an amulet of the acrobat
 A - a ring of flight (left hand)
 F - an amulet of reflection (around neck)
 I - a +6 ring of strength
Wands
 c - a wand of mindburst (11)
 y - a wand of light (10)
Scrolls
 d - a scroll of torment
 f - 3 scrolls of immolation {unknown}
 h - 2 scrolls of blinking
 m - 3 scrolls of butterflies
 n - 3 scrolls of magic mapping {unknown}
 r - 2 scrolls of fear
 w - 5 scrolls of teleportation
 z - 4 scrolls of vulnerability {unknown}
 B - 2 scrolls of amnesia {unknown}
 E - a scroll of fog
Potions
 b - 3 potions of magic
 e - 7 potions of lignification {unknown}
 g - 6 potions of heal wounds {unknown}
 i - 2 potions of ambrosia {unknown}
 j - 3 potions of brilliance {unknown}
 k - a potion of haste {unknown}
 l - a potion of cancellation {unknown}
 o - a potion of resistance
 q - 2 potions of attraction {unknown}
 t - 2 potions of might
 u - 4 potions of mutation {unknown}
 C - 2 potions of curing {unknown}
 J - a potion of berserk rage {unknown}
 K - a potion of flight {unknown}


   Skills:
 - Level 1.7 Dodging
 - Level 1.7 Stealth
 + Level 7.5 Spellcasting
 + Level 8.9 Conjurations


You had 16 spell levels left.
You knew the following spells:

 Your Spells              Type           Power      Damage    Failure   Level
a - Magic Dart            Conj           100%       1d8       1%          1
b - Searing Ray           Conj           100%       2d8       1%          2
c - Iskenderun's Mystic   Conj/Tloc      59%        2d12      9%          4

Your spell library contained the following spells:

 Spells                   Type           Power      Damage    Failure   Level
 Dazzling Flash           Conj/Hex       100%       N/A       2%          3
 Ensorcelled Hibernation  Hex/Ice        38%        N/A       9%          2
 Passwall                 Tmut/Erth      15%        N/A       9%          2
 Fulminant Prism          Conj/Hex       29%        3d13      9%          4
 Swiftness                Air            19%        N/A       17%         3
 Vhi's Electric Charge    Tloc/Air       38%        N/A       17%         3
 Volatile Blastmotes      Fire/Tloc      38%        2d13      17%         3
 Arcjolt                  Conj/Air       29%        1d39      24%         5
 Lee's Rapid Deconstruct  Erth           9%         3d7*      83%         5
 Maxwell's Capacitive Co  Air            9%         ∞         100%        8


Dungeon Overview and Level Annotations

Branches:
Dungeon (6/15)            Ossuary (visited)
 Temple: D:4-7

Shops:
D:2 (!*(   D:5 (*(

Annotations:
D:6 Maggie


Innate Abilities, Weirdness & Mutations

You have an increased reservoir of magic. (+10% MP)
You shall have no god before yourself.
Your divine heritage dramatically boosts your attributes as you level up.


Message History

You finish channelling your searing ray.
You block Maggie's attack. Maggie gestures at you while chanting.
The bolt of fire hits you!!! The fire burns you terribly!
Ouch! That really hurt!
* * * LOW HITPOINT WARNING * * *
You take 36 damage, and have 14/62 hp.
MASSIVE DAMAGE!!
Casting: Searing Ray (safe; 1% risk of failure)
Confirm with . or Enter, or press ? or * to list all spells.
Aiming: Searing Ray (safe; 1% risk of failure)
Press: ? - help, Shift-Dir - straight line, f/p - Maggie
Aim: Maggie, wielding a +0 vampiric halberd and wearing +0 steam dragon scales (heavily wounded, mesmerising, 83% to hit)
You feel a surge of power!
The searing ray hits Maggie!
Maggie is severely wounded. (Press . to maintain the ray.) Maggie drinks a potion.
Maggie seems to grow stronger.
You now have 27/33 mp.
The searing ray hits Maggie but does no damage.
Maggie is severely wounded.
You block Maggie's attack.
You now have 26/33 mp.
The searing ray hits Maggie!
Maggie is severely wounded.
Maggie casts a spell.
Maggie draws you further into her thrall.
You now have 25/33 mp.
The searing ray hits Maggie!
Maggie is almost dead.
You finish channelling your searing ray.
You block Maggie's attack.
Casting: Searing Ray (safe; 1% risk of failure)
Confirm with . or Enter, or press ? or * to list all spells.
Aiming: Searing Ray (safe; 1% risk of failure)
Press: ? - help, Shift-Dir - straight line, f/p - Maggie
Aim: Maggie, wielding a +0 vampiric halberd and wearing +0 steam dragon scales (almost dead, mesmerising, strong, 83% to hit)
You feel a surge of power!
The searing ray hits Maggie!
Maggie is almost dead. (Press . to maintain the ray.) Maggie hits you from afar with a +0 vampiric halberd!!
You die...

.........#...#......#..........#.
.........#...#......#....##....#.
...#######...##.....#....##....#.
..^#.....#....#.....#....#.....#.
...'.....#....#.....#....#.....##
...#.....'....#.....#....#.......
...#.....#....#.....#....#.......
...#.....#....#.....#....#.......
...###..#######.@.@.#########+###
######..###...#####.......#....##
#......÷.#........#.......#......
'........#........#.......#......
#........#........#...@...#......
#........#........#.......#..(...
#........#........#.......#......
###.##..###..##...#.......#.....#
..#.##..###..##...###.....#######


You could see Maggie (mesmerising, strong).

Vanquished Creatures
  Pikel (D:6)
  Eustachio (D:6)
  Duvessa (D:6)
  A sky beast (D:6)
  An ice beast (D:6)
  An ogre (D:6)
  A scorpion (D:6)
  4 water moccasin zombies (Ossuary)
  Dowan (D:6)
  3 wights (D:6)
  3 howler monkeys (D:6)
  5 hounds
  5 jellies
  2 orc priests (D:5)
  Natasha (thrice) (D:3)
  2 iguanas (D:5)
  2 mummies (Ossuary)
  Robin (D:3)
  7 gnolls
  8 adders
  A shadow imp (D:6)
  A white imp (D:5)
  2 ufetubi
  4 adder zombies (Ossuary)
  2 worms (D:2)
  4 dart slugs
  11 orcs
  7 bats
  6 endoplasms
  4 giant cockroaches
  3 gnoll zombies (Ossuary)
  13 goblins
  9 hobgoblins
  7 jackals
  2 kobolds
  4 quokkas
  10 ball pythons
  2 frilled lizards
  3 hobgoblin zombies (Ossuary)
  4 kobold zombies (Ossuary)
  5 orc zombies (Ossuary)
  5 rats
162 creatures vanquished.

Notes
Turn   | Place    | Note
-------+----------+-------------------------------------------
     0 | D:1      | spardeous the Demigod Conjurer began the quest for the Orb.
     0 | D:1      | Reached XP level 1. HP: 14/14 MP: 5/5
   517 | D:1      | Reached XP level 2. HP: 20/20 MP: 4/7
   772 | D:1      | Reached skill level 4 in Conjurations
  1012 | D:1      | Reached XP level 3. HP: 26/26 MP: 6/9
  1288 | D:2      | Found Kulau's Weapon Shop.
  1439 | D:2      | Found Reumeag's Distillery.
  1449 | D:2      | Learned a level 2 spell: Searing Ray
  1642 | D:2      | Found Dufuvur's Assorted Antiques.
  1649 | D:2      | Bought a bubbling brown potion for 13 gold pieces
  1649 | D:2      | Bought a scroll labelled HEXAMY ZULAUMO for 15 gold pieces
  1752 | D:2      | Found Uddoduam's Weapon Shop.
  2179 | D:3      | Reached XP level 4. HP: 33/33 MP: 8/11
  2228 | D:3      | Identified the +1 robe of Fedhas's Pride {+Inv rF- Int+6
                  | Archmagi}
  2499 | D:3      | Noticed Natasha
  2506 | D:3      | Killed Natasha
  2914 | D:3      | Reached XP level 5. HP: 38/38 MP: 1/13
  2964 | D:3      | Reached skill level 5 in Conjurations
  3028 | D:3      | Noticed Natasha
  3032 | D:3      | Killed Natasha
  3053 | D:3      | Noticed Natasha
  3056 | D:3      | Killed Natasha
  3173 | D:3      | Noticed Robin
  3176 | D:3      | Killed Robin
  3567 | D:4      | Learned a level 4 spell: Iskenderun's Mystic Blast
  3871 | D:4      | Reached XP level 6. HP: 45/45 MP: 11/15
  3886 | D:4      | Found a sand-covered staircase.
  3892 | Ossuary  | Entered an ossuary
  4250 | Ossuary  | Reached skill level 6 in Conjurations
  4522 | D:4      | Reached XP level 7. HP: 50/50 MP: 12/17
  4845 | D:4      | Reached skill level 5 in Spellcasting
  4918 | D:5      | Entered Level 5 of the Dungeon
  5071 | D:5      | Found Rinaolu's Antique Weapon Shop.
  5516 | D:5      | Found Esito's Assorted Antiques.
  5633 | D:5      | Found Egharph's Weapon Boutique.
  6139 | D:5      | Bought a shimmering long sword for 255 gold pieces
  6139 | D:5      | Identified the +8 long sword of the Wilderness {pain, MP+9}
                  | (You bought it in a shop on level 5 of the Dungeon)
  6251 | D:6      | Noticed Eustachio
  6286 | D:6      | Killed Eustachio
  6287 | D:6      | Reached skill level 7 in Conjurations
  6398 | D:6      | Reached XP level 8. HP: 47/57 MP: 17/20
  6968 | D:6      | Reached skill level 8 in Conjurations
  7250 | D:6      | Noticed Pikel
  7260 | D:6      | Killed Pikel
  7414 | D:6      | Noticed Duvessa
  7418 | D:6      | Noticed Dowan
  7434 | D:6      | Killed Duvessa
  7441 | D:6      | Killed Dowan
  7442 | D:6      | Reached XP level 9. HP: 61/62 MP: 15/24
  7535 | D:6      | Noticed Maggie
  7553 | D:6      | Mangled by Maggie

Illustrated notes

Levels and vault maps discovered:
D:1:      minmay_arrival_diagonal_passages, layout_loops_ring,
          hellmonk_ecumenical_altar_zigzags, roderic_roman_lattice
D:2:      layout_basic, serial_shops, shop, nicolae_shop_overgrown_old_shop,
          nicolae_shop_just_a_little_nook, nicolae_shop_bloodbath_and_beyond,
          hex_intersection, minmay_tromino_v4_c
D:3:      layout_loops_ring, uniq_natasha, uniq_robin
D:4:      layout_basic, nicolae_ossuary_entry_ruins
D:5:      layout_loops_corners, hellmonk_okawaru_the_only_friend_you_need,
          serial_shops, shop, nicolae_shop_rolling_square, shop,
          chequers_serial_rivers_room_a
D:6:      layout_gridville, uniq_duvessa, uniq_maggie, uniq_pikel,
          uniq_eustachio

Skill      XL: |  1  2  3  4  5  6  7  8 |
---------------+-------------------------+-----
Spellcasting   | 2 3 4 6 7 |  7.5
Conjurations   | 4 5 6 7 8 |  8.9
Dodging        | |  1.7
Stealth        | |  1.7

Action                     |  1- 3 |  4- 6 |  7- 9 || total
---------------------------+-------+-------+-------++-------
   Cast: Magic Dart        |    95 |   117 |    99 ||   311
         Searing Ray       |       |    19 |    31 ||    50
    Use: Scroll            |       |     6 |     1 ||     7
 Armour: Robe              |       |    12 |     8 ||    20
  Dodge: Dodged            |     6 |    37 |    20 ||    63
  Block: Buckler           |       |     1 |    15 ||    16
